 Dungeon Crawl Stone Soup version 0.17.1-1-g73c8601 (console) character file.

3096 Kloppie the Fighter (level 9, -12/86 HPs)
             Began as a Ghoul Gladiator on Dec 25, 2015.
             Was a Priest of Makhleb.
             Mangled by a wolf spider (16 damage)
             ... on level 8 of the Dungeon.
             The game lasted 00:14:07 (6516 turns).

Kloppie the Fighter (Ghoul Gladiator)               Turns: 6516, Time: 00:14:07

Health: -12/86     AC: 14    Str: 22    XL:     9   Next: 90%
Magic:  8/8        EV: 12    Int:  5    God:    Makhleb [***...]
Gold:   90         SH:  0    Dex: 15    Spells: 0 memorised, 8 levels left

rFire  . . .     SeeInvis +     c - +0 battleaxe
rCold  + + .     Clarity  .     z - +0 plate armour
rNeg   + + +     SustAt   .     (shield currently unavailable)
rPois  ∞         Gourm    .     A - +0 helmet of the Komtur {Str+3}
rElec  .         Spirit   .     s - +1 cloak
rCorr  .         Warding  .     v - +0 pair of gloves
rMut   .         Stasis   .     (no boots)
MR     .....                    D - amulet of regeneration
Stlth  ..........               J - ring of protection from cold
                                x - ring of see invisible

@: agile, rotting, not resistant to hostile enchantments, extremely unstealthy
A: rotting body, claws 1, carnivore 3, cold resistance 1, negative energy
resistance 3, slow regeneration 1, torment resistance, unbreathing
a: Minor Destruction, Lesser Servant of Makhleb, Renounce Religion


You were on level 8 of the Dungeon.
You worshipped Makhleb.
Makhleb was most pleased with you.
You were not hungry.

You visited 1 branch of the dungeon, and saw 8 of its levels.

You collected 648 gold pieces.
You spent 558 gold pieces at shops.

Inventory:

Hand Weapons
 a - a +1 war axe
 c - a +0 battleaxe (weapon)
Missiles
 d - 6 throwing nets (quivered)
Armour
 s - a +1 cloak (worn)
 v - a +0 pair of gloves (worn)
 z - a +0 plate armour (worn)
 A - the +0 helmet of the Komtur (worn) {Str+3}
   (You bought it in a shop on level 8 of the Dungeon)

   It affects your strength (+3).
Jewellery
 q - an uncursed ring of fire
 x - a ring of see invisible (left hand)
 y - a +1 ring of protection
 D - an amulet of regeneration (around neck)
 J - a ring of protection from cold (right hand)
Wands
 g - a wand of flame (0)
 m - a wand of flame (22)
 B - a wand of polymorph (7)
Scrolls
 k - a scroll of enchant weapon
 l - a scroll of enchant armour
 n - 5 scrolls of teleportation
 o - 4 scrolls of blinking
 r - a scroll of recharging
 G - a scroll of fog
Potions
 b - 2 potions of magic {unknown}
 j - a potion of agility
 p - a potion of berserk rage {unknown}
 u - a potion of invisibility
 C - a potion of haste
 E - a potion of flight
 F - a potion of cancellation
 I - 2 potions of brilliance
Books
 h - a book of Unlife

   Spells                             Type                      Level
   a - Recall                         Summoning/Translocation      3
   b - Animate Dead                   Necromancy                   4
   c - Control Undead                 Necromancy                   4
   d - Cigotuvi's Embrace             Necromancy                   5
   e - Death Channel                  Necromancy                   6
   f - Simulacrum                     Ice/Necromancy               6
Comestibles
 e - 5 meat rations
 f - a royal jelly
 t - 14 chunks of flesh
 w - 8 beef jerkies


   Skills:
 + Level 10.5 Fighting
 + Level 9.2 Axes
 - Level 1.7 Throwing
 + Level 0.8 Armour
 - Level 2.6 Dodging


You had 8 spell levels left.
You didn't know any spells.

Dungeon Overview and Level Annotations

Branches:
Dungeon (8/15)             Temple (0/1) D:5
   Lair: D:8-11

Altars:
Cheibriados
Gozag
Makhleb
Qazlal
Ru
Vehumet
Xom
The Shining One

Shops:
D:4 *   D:8 ([[(

Annotations:
D:4 Eustachio
D:7 Kloppie's ghost, novice TrBe


Innate Abilities, Weirdness & Mutations

Your body is rotting away.
You thrive on raw meat.
You are immune to poison.
You have sharp fingernails.
You are carnivorous and can eat meat at any time.
Your flesh is cold resistant.
You are immune to negative energy.
You regenerate slowly when monsters are visible.
You are immune to unholy pain and torment.
You can survive without breathing.


Message History

The wolf spider is heavily wounded.
The wolf spider hits you!
* * * LOW HITPOINT WARNING * * *
The wolf spider bites you but does no damage.
The wolf spider hits you!
* * * LOW HITPOINT WARNING * * *
The wolf spider bites you!
* * * LOW HITPOINT WARNING * * *
You are too injured to fight recklessly!
You are too injured to fight recklessly!
You are too injured to fight recklessly!
Drink which item? (? for menu, Esc to quit)
You feel agile all of a sudden. The wolf spider hits you!
* * * LOW HITPOINT WARNING * * *
The wolf spider bites you but does no damage.
You slash the wolf spider!
The wolf spider is severely wounded.
The wolf spider hits you!
You die...

### ### #.# #.# #.# #.# #.# ###.#
##### #.# #.%.. ....#
#.############ ###.# ###.#
#............# #.#
....####.##########.# #.#
p........#####..@##.# #.#
##..###.....#.###s#.###########..
....# #.....'.# .#(.[)..........
##[.###..#.##.# .####)(..#####..
##.......#.###p. #####..>.# ###
.........#.# #####.......#
##..####.#.# #...#.....### #..#
#.#.####...#.....#
#..####.#..............#########


You could see a wolf spider.

Vanquished Creatures
  Pikel (D:8)
  Joseph (D:7)
  Grinder (D:4)
  A hippogriff (D:8)
  An ice beast (D:8)
  2 black bears (D:6)
  2 sky beasts
  A centaur (D:6)
  A necrophage (D:7)
  3 ogres
  An orc warrior (D:7)
  A slave (D:8)
  Blork the orc (D:4)
  A giant frog (D:7)
  2 crimson imps
  A jelly (D:6)
  3 hounds
  A giant frog skeleton (D:6)
  5 orc priests
  Natasha (thrice) (D:4)
  3 orc wizards
  2 iguanas
  2 worker ants (D:6)
  A hound zombie (D:8)
  4 gnolls
  9 adders
  2 oozes
  An adder zombie (D:6)
  3 worms
  An adder skeleton (D:6)
  2 giant geckos
  17 orcs
  5 bats
  4 giant cockroaches
  6 hobgoblins
  A ball python (D:4)
  4 giant newts
  13 goblins
  12 jackals
  10 kobolds
  2 quokkas
  15 rats
  7 fungi (D:1)
  A plant (D:7)
160 creatures vanquished.

Vanquished Creatures (others)
  An orc warrior (D:8)
  A giant frog zombie (D:8)
  An orc priest (D:8)
  An orc wizard (D:5)
  2 orcs (D:8)
  A kobold (D:2)
  A quokka (D:8)
8 creatures vanquished.

Grand Total: 168 creatures vanquished

Notes
Turn   | Place    | Note
--------------------------------------------------------------
     0 | D:1      | Kloppie the Ghoul Gladiator began the quest for the Orb.
     0 | D:1      | Reached XP level 1. HP: 17/17 MP: 0/0
   112 | D:1      | Reached XP level 2. HP: 22/25 MP: 1/1
   116 | D:1      | Reached skill level 3 in Axes
   441 | D:1      | Reached XP level 3. HP: 31/31 MP: 2/2
   809 | D:2      | Reached XP level 4. HP: 28/38 MP: 3/3
   998 | D:2      | Found a sacrificial altar of Ru.
  1069 | D:2      | Found a stormy altar of Qazlal.
  1136 | D:2      | Reached skill level 4 in Axes
  1401 | D:2      | Found a burning altar of Makhleb.
  1408 | D:2      | Reached XP level 5. HP: 33/46 MP: 4/4
  1429 | D:2      | Became a worshipper of Makhleb the Destroyer
  1722 | D:3      | Reached XP level 6. HP: 35/55 MP: 5/5
  1726 | D:3      | Reached skill level 5 in Fighting
  1847 | D:3      | Reached * piety under Makhleb
  2180 | D:4      | Noticed Grinder
  2208 | D:4      | Paralysed by Grinder for 3 turns
  2212 | D:4      | Killed Grinder
  2212 | D:4      | Reached skill level 5 in Axes
  2212 | D:4      | Reached XP level 7. HP: 55/62 MP: 6/6
  2253 | D:4      | Found Fyuskues's General Store.
  2259 | D:4      | Bought a scroll of identify for 26 gold pieces
  2259 | D:4      | Bought an uncursed ring of see invisible for 195 gold pieces
  2295 | D:4      | You fall through a shaft for 3 floors!
  2402 | D:7      | Reached skill level 6 in Fighting
  2443 | D:7      | Noticed Kloppie's ghost (novice TrBe)
  2630 | D:6      | Found an opulent altar of Gozag.
  2693 | D:6      | Reached XP level 8. HP: 44/71 MP: 7/7
  2804 | D:5      | Entered Level 5 of the Dungeon
  3021 | D:5      | Reached skill level 7 in Fighting
  3140 | D:4      | Reached ** piety under Makhleb
  3231 | D:4      | Noticed Natasha
  3241 | D:4      | Killed Natasha
  3333 | D:4      | Noticed Blork the orc
  3344 | D:4      | Killed Blork the orc
  3382 | D:4      | Noticed Eustachio
  3391 | D:4      | Found a sacrificial altar of Ru.
  3476 | D:4      | Noticed Natasha
  3479 | D:4      | Killed Natasha
  3549 | D:4      | Found a snail-covered altar of Cheibriados.
  3550 | D:4      | Found a shimmering altar of Xom.
  3639 | D:4      | Noticed Natasha
  3644 | D:4      | Killed Natasha
  3726 | D:5      | Found a snail-covered altar of Cheibriados.
  3924 | D:5      | Found a staircase to the Ecumenical Temple.
  4320 | D:6      | Reached skill level 8 in Fighting
  4684 | D:6      | Found a radiant altar of Vehumet.
  4691 | D:6      | Found a burning altar of Makhleb.
  4901 | D:7      | Reached XP level 9. HP: 61/82 MP: 8/8
  4907 | D:7      | Reached skill level 9 in Fighting
  4946 | D:7      | Noticed Joseph
  4951 | D:7      | Reached *** piety under Makhleb
  4986 | D:7      | HP: 1/83 [Joseph/quarterstaff (14)]
  4996 | D:7      | HP: 2/83 [Joseph/quarterstaff (6)]
  5000 | D:7      | Killed Joseph
  5209 | D:7      | Found a glowing golden altar of the Shining One.
  5751 | D:8      | Noticed Pikel
  5765 | D:8      | Killed Pikel
  5765 | D:8      | Reached skill level 10 in Fighting
  6108 | D:8      | Found Wuan's Antique Weapon Shoppe.
  6180 | D:8      | Found Qutriary's Antique Armour Boutique.
  6185 | D:8      | Bought a warped helmet for 266 gold pieces
  6195 | D:8      | Identified the +0 helmet of the Komtur {Str+3} (You bought it in a shop on level 8 of the Dungeon)
  6211 | D:8      | Found Qegrad's Armour Emporium.
  6227 | D:8      | Found Neghyac's Weapon Boutique.
  6230 | D:8      | Bought a +0 battleaxe for 71 gold pieces
  6509 | D:8      | Noticed a wolf spider
  6515 | D:8      | HP: 3/86 [wolf spider (12)]
  6516 | D:8      | Mangled by a wolf spider

Action                   |  1- 3 |  4- 6 |  7- 9 || total
-------------------------+-------+-------+-------++-------
Melee: War axe           |   124 |   163 |   297 ||   584
       Battleaxe         |       |       |    13 ||    13
Throw: Throwing net      |       |     2 |       ||     2
Evoke: Wand              |       |       |     1 ||     1
  Use: Scroll            |       |       |    22 ||    22
       Potion            |       |       |     6 ||     6
  Eat: Chunk             |     6 |     9 |    32 ||    47
